 Dungeon Crawl Stone Soup version 0.27.1-34-g3ba077fa99 (webtiles) character file.

Game seed: 18162487897540548267

44 cbfl8 the Sneak (level 3, 0/33 HPs)
             Began as a Minotaur Delver on Jan 27, 2022.
             Slain by an iguana (8 damage)
             ... on level 3 of the Dungeon.
             The game lasted 00:01:11 (493 turns).

cbfl8 the Sneak (Minotaur Delver)                    Turns: 493, Time: 00:01:11

Health: 0/33       AC:  3    Str: 17    XL:     3   Next: 41%
Magic:  2/2        EV: 11    Int:  7    God:
Gold:   22         SH:  0    Dex: 11    Spells: 2/2 levels left

rFire    . . .     SeeInvis .   a - +0 hand axe
rCold    . . .     Faith    .   (no shield)
rNeg     . . .     Spirit   .   b - +0 leather armour
rPois    .         Reflect  .   (helmet restricted)
rElec    .         Harm     .   (no cloak)
rCorr    .         Rampage  .   (no gloves)
Will     .....                  (no boots)
Stlth    ++........             (no amulet)
HPRegen  0.11/turn              (no ring)
MPRegen  0.08/turn              (no ring)

@: no status effects
A: horns 2, retaliatory headbutt
a: no special abilities


You were on level 3 of the Dungeon.
You visited 1 branch of the dungeon, and saw 3 of its levels.

You collected 22 gold pieces.

Inventory:

Hand Weapons
 a - a +0 hand axe (weapon)
Armour
 b - a +0 leather armour (worn)
Magical Staves
 k - a staff of fire
Wands
 g - a wand of digging (3)
 i - a wand of charming (13)
Scrolls
 c - a scroll of fog
 d - a scroll of magic mapping
 e - a scroll of fear
 h - a scroll of amnesia {unknown}
 n - a scroll of identify {unknown}
Potions
 f - a potion of haste
 j - a potion of curing {unknown}
 l - a potion of might {unknown}
 m - a potion of flight {unknown}


   Skills:
 + Level 3.9 Fighting
 + Level 3.3 Axes
 + Level 2.2 Dodging
 + Level 4.7 Stealth


You had 2 spell levels left.
You didn't know any spells.
Your spell library contained the following spells:

 Spells                   Type           Power      Damage    Failure   Level
 Passwall                 Tmut/Erth      0%         N/A       65%         2
 Swiftness                Air            0%         N/A       86%         3
 Invisibility             Hex            0%         N/A       100%        6


Dungeon Overview and Level Annotations

Branches:
Dungeon (5/15)
 Temple: D:4-7

Altars:


Innate Abilities, Weirdness & Mutations

You have a pair of horns on your head.
You reflexively headbutt those who attack you in melee.


Message History

An iguana comes into view.
You see here 8 gold pieces.
You now have 22 gold pieces (gained 8).
The iguana hisses menacingly.
The iguana bites you but does no damage.
There is a stone staircase leading up here.
The iguana bites you!
You climb upwards.
There is a stone staircase leading down here.
You hit the iguana.
The iguana is lightly wounded.
The iguana barely misses you. You furiously retaliate!
You headbutt the iguana. The iguana barely misses you.
You hit the iguana.
The iguana is moderately wounded.
The iguana misses you.
You hit the iguana.
The iguana is moderately wounded.
The iguana bites you.
You hit the iguana. Your headbutt misses the iguana.
The iguana is heavily wounded.
The iguana bites you.
You barely miss the iguana.
The iguana is heavily wounded.
The iguana closely misses you.
You hit the iguana but do no damage. You headbutt the iguana.
The iguana is severely wounded.
The iguana misses you.
You hit the iguana but do no damage.
The iguana is severely wounded.
The iguana bites you.
You hit the iguana but do no damage. You headbutt the iguana.
The iguana is almost dead.
The iguana bites you.
* * * LOW HITPOINT WARNING * * *
The iguana closely misses you.
You hit the iguana but do no damage.
The iguana is almost dead.
The iguana bites you!
You die...

.....
#.#.#
#.#.# ...#
#..# #..#
#..#######
#@l......
#########


You could see an iguana.

Vanquished Creatures
  A jelly (D:4)
  A worm (D:4)
  An endoplasm (D:4)
  A goblin (D:4)
  2 hobgoblins (D:4)
  2 quokkas (D:4)
  3 kobolds (D:4)
11 creatures vanquished.

Notes
Turn   | Place    | Note
-------+----------+-------------------------------------------
     0 | D:5      | cbfl8 the Minotaur Delver began the quest for the Orb.
     0 | D:5      | Reached XP level 1. HP: 19/19 MP: 0/0
   262 | D:4      | Noticed a jelly
   267 | D:4      | Killed a jelly
   268 | D:4      | Reached XP level 2. HP: 21/27 MP: 1/1
   268 | D:4      | Reached XP level 3. HP: 26/33 MP: 2/2
   493 | D:3      | Slain by an iguana

Illustrated notes

Levels and vault maps discovered:
D:3:      layout_basic, uniq_jessica
D:4:      cheibrodos_helix_gallery, layout_loops_ring
D:5:      layout_loops_ring, temple_doors_e, uniq_crazy_yiuf_cottage,
          uniq_duvessa, uniq_menkaure

Skill      XL: |  1 |
---------------+----+-----
Axes           | 3 |  3.3
Fighting       | |  3.9
Dodging        | |  2.2
Stealth        | |  4.7

Action                   || total
-------------------------++-------
Melee: Hand axe          ||    33
       Headbutt          ||     7
 Stab: Sleeping          ||     3
Armor: Leather armour    ||     5
Dodge: Dodged            ||    12
